 Dungeon Crawl Stone Soup version 0.30.1-9-gdf580d7c3d (webtiles) character file.

Game seed: 365280893709421934

2333 Pooter the Cleaver (level 9, -1/81 HPs)
             Began as a Minotaur Berserker on Oct 23, 2023.
             Was an Elder of Trog.
             Slain by a vampire (10 damage)
             ... on level 7 of the Dungeon on Oct 24, 2023.
             The game lasted 00:32:47 (5720 turns).

Pooter the Cleaver (Minotaur Berserker)             Turns: 5720, Time: 00:32:47

Health: -1/81      AC: 11    Str: 24    XL:     9   Next: 19%
Magic:  2/2        EV:  7    Int:  6    God:    Trog [****..]
Gold:   385        SH:  0    Dex: 14    Spells: 8/8 levels left

rFire   x . .        a - +8 Wrath of Trog {antimagic, *Rage Rampage}
rCold   + . .        (shield currently unavailable)
rNeg    . . .        j - +0 plate armour
rPois   +            (helmet restricted)
rElec   .            (no cloak)
rCorr   .            (no gloves)
SInv    .            (no boots)
Will    .....        l - amulet of regeneration Stlth
                     P - ring of poison resistance
HPRegen 1.13/turn    x - +6 ring of dexterity
MPRegen 0.08/turn

%: random rage (50%), rampage
@: on berserk cooldown, slowed, very slow
A: horns 2, retaliatory headbutt, clumsy 1, cold resistance 1, heat
vulnerability 1
a: Renounce Religion, Berserk, Trog's Hand, Brothers in Arms


You were on level 7 of the Dungeon.
You worshipped Trog.
Trog was greatly pleased with you.
You visited 1 branch of the dungeon, and saw 7 of its levels.
You also visited: Sewer.

You collected 385 gold pieces.

Inventory:

Hand Weapons
 a - the +8 Wrath of Trog (weapon) {antimagic, *Rage Rampage}
   (You acquired it on level 4 of the Dungeon)

   It causes slowness and exhaustion when equipped.
   It extends the wielder's berserk rage when killing foes.
   *Rage:     It berserks you when you make melee attacks (+50% chance).
   Rampage:   It bestows one free step when moving towards enemies.
 b - a +0 sling
   (You found it on level 3 of the Dungeon)
 r - a +0 war axe of protection
   (You found it on level 2 of the Dungeon)
 z - a +4 whip of draining
   (You took it off an orc on level 3 of the Dungeon)
 F - the +7 spear of Zin's Supremacy {venom, rN+ rCorr Int-2}
   (You took it off an orc wizard on level 6 of the Dungeon)

   Int:       It affects your intelligence (-2).
   rN:        It protects you from negative energy.
   rCorr:     It protects you from acid and corrosion.
Missiles
 k - 11 poisoned darts (quivered)
 q - 5 javelins
 y - 3 boomerangs
 E - a throwing net {!f}
 Q - 62 stones
Armour
 j - a +0 plate armour (worn)
   (You found it on level 2 of the Dungeon)
Jewellery
 f - a ring of fire
   (You found it on level 2 of the Dungeon)
 l - an amulet of regeneration (around neck)
   (You found it on level 2 of the Dungeon)
 x - a +6 ring of dexterity (right hand)
   (You found it on level 6 of the Dungeon)
 P - a ring of poison resistance (left hand)
   (You found it on level 5 of the Dungeon)
Wands
 u - a wand of paralysis (5)
   (You found it on level 6 of the Dungeon)
Scrolls
 g - 3 scrolls of blinking
 m - a scroll of amnesia {unknown}
 n - a scroll of poison {unknown}
 o - a scroll of noise {unknown}
 v - a scroll of enchant weapon
 A - a scroll of butterflies {unknown}
Potions
 c - 2 potions of resistance {unknown}
 d - 2 potions of attraction {unknown}
 e - 5 potions of cancellation
 h - a potion of haste {@q3}
 p - 6 potions of curing {@q1}
 w - a potion of degeneration {unknown}
 B - a potion of mutation {!q}
 C - a potion of heal wounds {unknown}


   Skills:
 + Level 7.8 Fighting
 * Level 10.4 Axes
 * Level 7.8 Ranged Weapons
 - Level 2.4 Armour
 - Level 2.1 Dodging


You had 8 spell levels left.
You didn't know any spells.
Your spell library was empty.

Dungeon Overview and Level Annotations

Branches:
Dungeon (7/15) Zot: 26971  Temple (0/1) D:6           Sewer (visited)

Altars:

Shops:
D:5 [=

Annotations:
D:6 2 transporters, pkoi's ghost, novice DrMo


Innate Abilities, Weirdness & Mutations

You have a pair of horns on your head.
You reflexively headbutt those who attack you in melee.
You are clumsy. (Dex -2)
Your flesh is cold resistant. (rC+)
You are vulnerable to heat. (rF-)


Message History

Unknown command.
The +7 spear of Zin's Supremacy {venom, rN+ rCorr Int-2} stops dripping with poison.
You feel the exhaustion of battles past.
You are exhausted.
You feel yourself slow down.
a - the +8 Wrath of Trog (weapon)
{antimagic, *Rage Rampage} Something hits you.
Something bites you but does no damage.
You completely miss something. Your headbutt misses something.
Something hits you but does no damage. Something bites you.
Something draws strength from your injuries!
Something hits you. Something bites you.
Something draws strength from your injuries!
You hit something but do no damage. Something hits you! Something bites you.
Something draws strength from your injuries!
You closely miss something. Your headbutt misses something. Something hits you!
* * * LOW HITPOINT WARNING * * *
Something bites you.
* * * LOW HITPOINT WARNING * * *
Something draws strength from your injuries!
Something hits you!
* * * LOW HITPOINT WARNING * * *
Something bites you but does no damage.
You closely miss something. Something hits you but does no damage.
Something bites you.
* * * LOW HITPOINT WARNING * * *
Something draws strength from your injuries!
Something hits you.
* * * LOW HITPOINT WARNING * * *
Something bites you but does no damage.
You miss something. Your headbutt misses something. Something hits you.
* * * LOW HITPOINT WARNING * * *
Something bites you.
* * * LOW HITPOINT WARNING * * *
Something draws strength from your injuries!
Something hits you but does no damage. Something bites you!
* * * LOW HITPOINT WARNING * * *
Something draws strength from your injuries!
Unknown command.
You barely miss something. Your headbutt misses something. Something hits you!
You die...

********,,,,,,,*****,
*,,,,,,,,,,,,,,* **
*,##*****,,,,,,******
*,..* **,,,,,,,,,,,
**#.* *,,,,,,,,,,,
#.###****,,********
#...,,,,,,,* ****
####..#******,* *,,,
#.$.{@# *,,,,* *,,,
##.##.# *,**** *,,,
*,*#.# *,* *,,,
*,*#.# *,* *******
##.##.# *,*****,,,,,,
#.....# *,,,,,,,,,,,*
####### *,,,,,,,,,,,*
*,,,,,,,,,,,*
**,,,,,,,,,,*


There were no monsters in sight!

Vanquished Creatures
  Grinder (D:5)
  Sigmund (D:6)
  Menkaure (D:5)
  A water moccasin (D:6)
  2 orc warriors
  An ice beast (D:4)
  2 ogres
  3 bullfrogs
  5 scorpions
  A gnoll sergeant (D:6)
  2 hounds
  An orc priest (D:4)
  2 sleepcaps
  Jessica (D:2)
  An iguana (D:5)
  8 orc wizards
  5 gnolls (D:6)
  11 adders
  5 river rats (Sewer)
  A white imp (D:5)
  An ufetubus (D:6)
  A worm (D:3)
  3 dart slugs
  13 orcs
  17 ball pythons
  5 bats
  8 endoplasms
  3 giant cockroaches
  5 goblins
  8 hobgoblins
  6 jackals (D:2)
  10 quokkas
  9 frilled lizards
  9 kobolds
  20 rats
173 creatures vanquished.

Notes
Turn   | Place    | Note
-------+----------+-------------------------------------------
     0 | D:1      | Pooter the Minotaur Berserker began the quest for the Orb.
     0 | D:1      | Reached XP level 1. HP: 19/19 MP: 0/0
   114 | D:1      | Reached skill level 4 in Axes
   170 | D:1      | Reached XP level 2. HP: 27/27 MP: 1/1
   703 | D:2      | Noticed Jessica
   713 | D:2      | Reached XP level 3. HP: 33/33 MP: 2/2
   856 | D:2      | Killed Jessica
   857 | D:2      | Reached skill level 5 in Axes
   997 | D:2      | Reached XP level 4. HP: 41/41 MP: 3/3
  1522 | D:2      | Reached ** piety under Trog
  1745 | D:3      | Gained mutation: Armour fits poorly on your strangely
                  | shaped body. [potion of mutation]
  1745 | D:3      | Gained mutation: You expend magic power (3 MP) to
                  | strengthen your wands. [potion of mutation]
  1746 | D:3      | Lost mutation: Armour fits poorly on your strangely shaped
                  | body. [potion of mutation]
  1746 | D:3      | Lost mutation: You expend magic power (3 MP) to strengthen
                  | your wands. [potion of mutation]
  1746 | D:3      | Gained mutation: You are vulnerable to heat. (rF-) [potion
                  | of mutation]
  1746 | D:3      | Gained mutation: Your flesh is cold resistant. (rC+)
                  | [potion of mutation]
  1746 | D:3      | Gained mutation: You are clumsy. (Dex -2) [potion of
                  | mutation]
  2317 | D:4      | Reached skill level 6 in Axes
  2317 | D:4      | Reached skill level 1 in Ranged Weapons
  2317 | D:4      | Reached XP level 5. HP: 26/47 MP: 4/4
  2483 | D:4      | Reached skill level 5 in Fighting
  2618 | D:4      | Identified a scroll of acquirement
  2619 | D:4      | Acquired the +8 Wrath of Trog {antimagic, *Rage Rampage}
  2619 | D:4      | Found the +8 Wrath of Trog {antimagic, *Rage Rampage}
  2703 | D:4      | Noticed an ice beast
  2707 | D:4      | Killed an ice beast
  2708 | D:4      | Reached XP level 6. HP: 56/56 MP: 1/5
  2839 | D:4      | Reached skill level 7 in Axes
  3260 | D:5      | Entered Level 5 of the Dungeon
  3264 | D:5      | Reached XP level 7. HP: 62/62 MP: 2/6
  3531 | D:5      | Reached skill level 8 in Axes
  3581 | D:5      | Found Nucvev's Jewellery Shop.
  3587 | D:5      | Noticed Menkaure
  3591 | D:5      | Killed Menkaure
  3592 | D:5      | Reached skill level 5 in Ranged Weapons
  3667 | D:5      | Noticed Grinder
  3672 | D:5      | Killed Grinder
  3672 | D:5      | Reached *** piety under Trog
  3673 | D:5      | Reached XP level 8. HP: 71/71 MP: 2/7
  3842 | D:5      | Found Waot's Armour Boutique.
  4513 | D:6      | Found a transporter.
  4516 | D:6      | Reached skill level 9 in Axes
  4516 | D:6      | Noticed pkoi's ghost (novice DrMo)
  4532 | D:6      | Identified the +7 spear of Zin's Supremacy {venom, rN+
                  | rCorr Int-2}
  4559 | D:6      | Noticed Sigmund
  4564 | D:6      | Killed Sigmund
  4568 | D:6      | Found a staircase to the Ecumenical Temple.
  4640 | D:6      | Reached skill level 10 in Axes
  4645 | D:6      | Found a glowing drain.
  4654 | Sewer    | Entered a sewer
  4931 | Sewer    | Reached **** piety under Trog
  4932 | Sewer    | Reached XP level 9. HP: 73/79 MP: 8/8
  5288 | D:6      | Found a transporter.
  5720 | D:7      | Slain by a vampire

Illustrated notes

Levels and vault maps discovered:
D:1:      minmay_arrival_loop, layout_loops_cross
D:2:      layout_basic, roderic_lattice_a, hex_large, minmay_quadrilaterals,
          uniq_jessica
D:3:      layout_basic
D:4:      layout_cave_pods
D:5:      layout_loops_ring, serial_shops, shop, shop, minivault_5,
          uniq_menkaure, uniq_grinder
D:6:      layout_loops_ring, minmay_temple_entry_mini_moons,
          gammafunk_ghost_stat_death, portal_sewer_entry_f,
          minmay_misc_feat_diagonals, uniq_sigmund
D:7:      layout_basic, chequers_ossuary_entry_cave, enter_bailey_3

Skill      XL: |  1  2  3  4  5  6  7  8 |
---------------+-------------------------+-----
Axes           | 4 5 6 7 8 10 | 10.4
Fighting       | 4 5 6 7 |  7.8
Ranged Weapons | 1 2 3 5 7 |  7.8
Armour         | |  2.4
Dodging        | |  2.1

Action                     |  1- 3 |  4- 6 |  7- 9 || total
---------------------------+-------+-------+-------++-------
  Melee: Hand axe          |    65 |    32 |       ||    97
         Headbutt          |     5 |    15 |    10 ||    30
         War axe           |       |    29 |       ||    29
         Whip              |       |    21 |    49 ||    70
         Battleaxe         |       |    13 |   106 ||   119
         Spear             |       |       |     9 ||     9
   Fire: Sling             |       |    26 |     5 ||    31
  Throw: Dart              |       |       |     1 ||     1
 Invoke: Berserk           |     1 |     1 |       ||     2
         Trog's Hand       |       |       |     3 ||     3
    Use: Scroll            |       |     7 |     7 ||    14
         Potion            |       |     2 |       ||     2
 Armour: Animal skin       |    10 |       |       ||    10
         Plate armour      |       |    67 |   106 ||   173
  Dodge: Dodged            |    51 |    38 |    53 ||   142
